 Dungeon Crawl Stone Soup version 0.13-a0-3016-gcb2faac (webtiles) character file.

76 Misa the Covered (level 2, -8/22 HPs)
             Began as a Djinni Fighter on Sept 11, 2013.
             Mangled by a gnoll
             ... wielding a +0,+0 halberd
              (13 damage)
             ... on Level 2 of the Dungeon.
             The game lasted 00:02:23 (541 turns).

Misa the Covered (Djinni Fighter)                    Turns: 541, Time: 00:02:23

HP  -8/22        AC  6     Str 16      XL: 2   Next: 55%
MP   0/0         EV  4     Int  8      God:
Gold 57          SH 26     Dex 12      Spells:  0 memorised,  1 level left

Res.Fire  : + + +   See Invis. : .   a - +0 mace (curse)
Res.Cold  : x . .   Warding    : .   b - +0 scale mail
Life Prot.: + + +   Conserve   : .   m - +0 large shield
Res.Poison: .       Res.Corr.  : .   (no helmet)
Res.Elec. : .       Clarity    : .   (no cloak)
Sust.Abil.: . .     Spirit.Shd : .   (no gloves)
Res.Mut.  : .       Rnd.Telep. : +   (boots unavailable)
Res.Rott. : .       Flight     : .   (no amulet)
Saprovore : . . .                    r - cursed ring of teleportation
                                     k - +0,+7 ring of slaying {unknown}

@: hasted, very quick, not resistant to hostile enchantments, extremely
unstealthy
A: fire immunity, cold vulnerability, life protection 3
a: Evoke Teleportation


You were on level 2 of the Dungeon.
You were not hungry.

You visited 1 branch of the dungeon, and saw 2 of its levels.

You collected 37 gold pieces.

Inventory:

Hand weapons
 a - a cursed +0,+0 mace (weapon)
 s - a +0,+0 sling
Missiles
 d - 17 sling bullets
 e - 29 darts (quivered)
Armour
 b - a +0 scale mail (worn)
 c - a +1 shield
 m - a +0 large shield (worn)
Scrolls
 i - 2 scrolls of identify
 l - a scroll of enchant armour
Jewellery
 k - a +0,+7 ring of slaying (left hand) {unknown}
 r - a cursed ring of teleportation (right hand)
 t - an uncursed ring of protection from cold
Potions
 g - a potion of mutation {unknown}
 h - a potion of curing {unknown}
 j - a potion of invisibility {unknown}
 n - a potion of might {unknown}
 o - a potion of restore abilities {unknown}


   Skills:
 + Level 3.0 Fighting
 + Level 2.1 Maces & Flails
 + Level 3.5 Armour
 + Level 3.3 Shields


You had one spell level left.
You didn't know any spells.

Dungeon Overview and Level Annotations

Branches:
Dungeon (2/27)

Altars:


Innate Abilities, Weirdness & Mutations

You are immune to all types of fire, even holy and hellish.
You are vulnerable to cold.
You need no food.
You have no legs.
You are immune to negative energy.


Message History

You kill the bat!
The gnoll barely misses you. The gnoll hits you with a halberd!
You sock the gnoll!
You kill the gnoll!
Your Fighting skill increases to level 3!
The gnoll picks up a halberd.
The gnoll wields a halberd.
You barely miss the gnoll. You block the gnoll's attack.
The gnoll hits you but does no damage.
You hit the gnoll but do no damage. You block the gnoll's attack.
The gnoll hits you with a halberd.
The gnoll hits you from afar with a spear.
* * * LOW HITPOINT WARNING * * *
Your shield prevents you from hitting the gnoll.
You block the gnoll's attack. The gnoll hits you but does no damage.
Drink which item? (? for menu, Esc to quit)
You feel yourself speed up.
It was a potion of speed.
The gnoll hits you with a halberd!
Ouch! That really hurt!
You die...

#....### #...# #.# #......#
#...# ... #..%...# #...# ...
##...# ###.# ... # #...#### #.#
#.# .## #....<.# #.# #.# #..
#......# #.# #.# #..
#######.#...#####.######.###..
.....>........@gg..............
#######.#########.#####...#...
###.#########... #...#...
#.....................#...
##.#....######...###...###.
######..............### #...#
#. ...................... .....
.. ....#.%..#.#########..
#....###. ....#....#.###...#
#.. ....# #.


You could see 2 gnolls.

Vanquished Creatures
  A gnoll (D:2)
  A giant gecko (D:1)
  A goblin (D:2)
  2 kobolds (D:1)
  2 bats
  A giant cockroach (D:1)
  A rat (D:1)
9 creatures vanquished.

Notes
Turn   | Place    | Note
--------------------------------------------------------------
     0 | D:1      | Misa, the Djinni Fighter, began the quest for the Orb.
     0 | D:1      | Reached XP level 1. HP: 16/16 MP: 0/0
   437 | D:2      | Reached XP level 2. EP: 17/22
   541 | D:2      | Mangled by a gnoll

Action                   || total
-------------------------++-------
Melee: Mace              ||    25
  Use: Scroll            ||     8
       Potion            ||     1
